AoeStats
← 沒起房子我日

Nomad

508777836Analyzed
4v4 RM · 9d ago on Sep 24, 2026· 31m 8s· 8 players
Game mode
Random Map
Map size
231×231
Population
200
Speed
Normal
Resources
Standard
Victory
Conquest
Starting age
Dark Age
Ending age
Imperial Age
RankedLock teamsTeams togetherTeam positionsShared explorationLock speedFull tech treeHidden civsTurbo modeCheats
Victory
Defeat
🇨🇳 Mongols · China
1540
+11
🇺🇸 Danes · United States
1514
+12
🇹🇼 Varangians · Taiwan
1495
+12
🇦🇷 Britons · Argentina
1479
+13
🇨🇱 Saracens · Chile
1490
-15
🇨🇱 Japanese · Chile
1410
-12
🇨🇱 Italians · Chile
1404
-11
🇨🇱 Mongols · Chile
1358
-10
Thundernips, The Ultimate Gigolo
12:33 Feudal Age
13:15 Gold Mining
13:16 Double-Bit Axe
17:12 Wheelbarrow
17:21 Forging
17:15 Fishing Lines
18:28 Loom
23:45 Castle Age
24:45 Hand Cart
24:42 Bow Saw
24:23 Gillnets
25:44 Iron Casting
28:00 Scale Barding Armor
27:47 Fletching
28:21 Ballistics
28:36 Medium Warships
29:08 Clinker Construction
29:08 Careening
30:38 Horse Collar
沒起房子我日
14:07 Feudal Age
13:20 Loom
15:03 Double-Bit Axe
15:07 Fishing Lines
18:14 Castle Age
16:22 Fishing Lines
16:50 Horse Collar
17:02 Stone Mining
17:52 Town Watch
19:12 Bow Saw
20:12 Gold Mining
21:11 Wheelbarrow
22:48 Fletching
23:46 Scale Barding Armor
25:43 Forging
27:25 Chain Barding Armor
29:32 Iron Casting
29:07 Heavy Plow
29:05 Gillnets
33:42 Imperial Age
tim.13
4:45 Loom
12:44 Feudal Age
17:27 Castle Age
15:58 Double-Bit Axe
15:59 Fishing Lines
17:37 Stone Mining
17:41 Gold Mining
18:45 Wheelbarrow
19:24 Gillnets
22:13 Gold Shaft Mining
22:25 Bow Saw
22:43 Fletching
24:05 Bodkin Arrow
24:48 Stone Shaft Mining
26:07 Ballistics
25:54 Padded Archer Armor
30:42 Imperial Age
31:35 Bracer
32:38 Chemistry
NotResignFast
6:09 Loom
13:45 Feudal Age
17:31 Castle Age
18:00 Double-Bit Axe
19:00 Bow Saw
19:16 Fletching
19:59 Fishing Lines
25:39 Ballistics
28:55 Gold Mining
30:17 Bodkin Arrow
30:23 Padded Archer Armor
[KKCK]Erdinger_CLs
3:18 Loom
13:38 Feudal Age
19:31 Castle Age
18:21 Horse Collar
18:29 Double-Bit Axe
john wick
6:53 Loom
13:46 Feudal Age
18:20 Castle Age
16:14 Double-Bit Axe
17:18 Horse Collar
19:14 Town Watch
20:05 Wheelbarrow
20:39 Fletching
22:09 Arson
22:32 Squires
24:20 Scale Mail Armor
26:02 Forging
The Geo
8:08 Loom
14:40 Feudal Age
20:49 Castle Age
18:34 Fishing Lines
20:07 Double-Bit Axe
24:23 Fletching
25:33 Stone Mining
26:43 Bodkin Arrow
[KKCK]elSalmon
5:23 Loom
11:58 Feudal Age
12:38 Double-Bit Axe
15:14 Fishing Lines
23:44 Castle Age
23:52 Fletching
23:49 Demolition Ship
24:30 Gillnets
24:52 Bodkin Arrow
26:40 Wheelbarrow
Connection lost

Rejoining the realm…

Still unreachable

The connection could not be restored.

Session expired

The server has moved on; the page needs a fresh start.